Map: Nightscape LE

Players

PiPuxD - Winner!

  • Race: Terran Terran
  • League: Gold
  • Spawn Location: 7:00

MattBarry - Winner!

  • Race: Zerg Zerg
  • League: Gold
  • Spawn Location: 7:00

mojaveghost

  • Race: Protoss Protoss
  • Spawn Location: 1:00

JACK

  • Race: Terran Terran
  • Spawn Location: 1:00

VOD

Have the link to the VOD?

Description

Time

  • Played on: Jan. 30, 2023, 6:35 a.m.
  • Length: 28:12
Show
View Real Time Build Order
Export as new Build Order

PiPuxD Terran - Winner!

Build Orders: 2 Factory, Gas First Reaper Expand, Mech 

Get SALT Encoding   

  12  0:05  SCV  
  13  0:17  SCV  
  14  0:21  Supply Depot  
  14  0:24  Refinery  
  14  0:29  SCV  
  15  0:44  SCV  
  15  0:45  Barracks  
  16  0:56  SCV  
  17  1:12  SCV  
  18  1:24  SCV  
  19  1:37  Orbital Command  
  19  1:38  Reaper  
  20  2:05  SCV  
  20  2:07  Command Center  
  21  2:18  SCV  
  23  2:25  Factory  
  23  2:34  SCV  
  23  2:36  Barracks Reactor  
  23  2:43  Factory  
  23  3:09  Supply Depot  
  23  3:19  Orbital Command, SCV  
  24  3:23  Barracks Tech Lab  
  24  3:24  Refinery  
  24  3:31  SCV  
  25  3:35  Hellion  
  25  3:36  Hellion  
  29  3:46  Orbital Command  
  28  3:49  SCV  
  29  3:57  Hellion x2  
  29  4:00  Barracks Reactor, Siege Tank  
  36  4:03  SCV  
  37  4:14  SCV  
  37  4:15  SCV  
  39  4:21  Starport  
  39  4:22  Hellion x2  
  43  4:26  SCV  
  43  4:27  SCV  
  43  4:29  Refinery  
  45  4:34  Supply Depot x2  
  45  4:56  SCV x2, Siege Tank  
  50  5:02  Hellion x2  
  50  5:06  Supply Depot  
  54  5:07  Supply Depot  
  54  5:09  Armory  
  54  5:10  Engineering Bay  
  54  5:17  SCV x2  
  54  5:20  Refinery  
  56  5:29  SCV x2  
  56  5:31  Viking x2  
  62  5:41  SCV x2  
  64  6:03  SCV x2  
  66  6:12  Siege Tank, Hellion  
  66  6:13  Hellion  
  66  6:15  SCV  
  66  6:17  Factory, SCV  
  75  6:18  Factory  
  75  6:20  Liberator  
  78  6:37  Supply Depot x2  
  78  6:38  Supply Depot  
  78  6:39  Supply Depot  
  78  6:41  Supply Depot  
  78  6:44  SCV x2, Hellion x2  
  84  6:56  SCV x2  
  86  7:07  Factory Tech Lab  
  86  7:08  SCV x2, Factory Tech Lab  
  88  7:10  Hellion x2, Siege Tank  
  88  7:15  Infernal Pre-Igniter  
  95  7:17  Liberator x2  
  95  7:19  Terran Vehicle Weapons Level 1  
  101  7:29  Command Center  
  101  7:35  SCV x2  
  103  7:47  SCV  
  103  7:48  Siege Tank x2  
  103  7:51  Hellion x2  
  94  8:12  Liberator  
  97  8:14  Hellion x2  
  97  8:15  Liberator  
  104  8:37  Hellion x2  
  104  8:38  Hellion x3  
  114  8:45  Armory  
  114  9:35  Planetary Fortress  
  115  9:38  SCV x2  
  115  9:42  Siege Tank x3  
  115  9:43  Liberator x2  
  115  9:45  Hellion x2  
  135  9:49  Terran Vehicle And Ship Armor Level 1  
  135  9:50  SCV x2  
  135  9:51  Terran Vehicle Weapons Level 2, Hellion x3  
  137  10:07  Supply Depot  
  137  10:08  Supply Depot  
  131  10:50  Siege Tank  
  131  10:51  Liberator x2, Siege Tank x2  
  131  10:53  Hellion x2  
  131  10:56  Refinery  
  150  10:57  Refinery  
  150  11:05  Missile Turret x2  
  150  11:06  SCV x3  
  150  11:09  Missile Turret  
  150  11:10  Command Center  
  153  11:11  Supply Depot  
  153  11:18  SCV x2  
  148  11:47  Siege Tank x3  
  152  11:48  Liberator x2, Hellion x2  
  165  12:15  Hellion x2  
  147  12:33  Siege Tank  
  147  12:34  Liberator x2, Siege Tank x2  
  160  13:06  Siege Tank x3  
  165  13:22  Hellion x2  
  165  13:24  Planetary Fortress  
  167  13:27  Refinery  
  167  13:36  SCV  
  167  13:37  SCV x2  
  170  13:47  Thor x2  
  164  14:05  Thor  
  170  14:16  Command Center  
  170  14:18  Refinery  
  167  14:25  Terran Vehicle Weapons Level 3, Terran Vehicle And Ship Armor Level 2  
  167  14:33  Missile Turret  
  167  14:34  Missile Turret  
  167  14:37  Missile Turret  
  167  14:38  Missile Turret  
  167  14:50  Thor  
  167  14:51  Thor x2  
  185  14:53  Missile Turret  
  185  14:54  Missile Turret  
  185  15:20  SCV x3  
  188  15:38  Thor  
  188  15:39  Thor  
  140  18:11  Thor x3  
  140  18:12  Liberator, Hellion x2  
  141  18:13  Liberator  
  144  18:40  Factory  
  144  18:41  Factory, Planetary Fortress  
  144  18:42  Factory  
  144  18:54  Hellion x2  
  148  18:56  Thor x3  
  148  18:58  Viking x2  
  160  19:49  Factory Tech Lab x3  
  160  19:51  Thor x3  
  176  19:53  Viking x2  
  174  20:50  Thor x3  
  174  20:51  Thor  
  192  20:57  Refinery  
  192  20:59  Refinery  
  168  21:41  Thor x3  
  168  21:42  Thor x2  
  168  21:44  Hellion x2  
  182  22:33  Thor x3  
  192  23:23  Command Center  
  154  24:09  Terran Vehicle And Ship Armor Level 3  
  142  24:10  Terran Ship Weapons Level 1  
  142  24:12  Thor x5  
  142  24:14  Thor  
  131  24:57  Thor  
  131  24:58  Thor x3  
  155  25:00  Hellion x4  
  163  25:10  Command Center x2  
  163  25:12  SCV x4  
  167  25:24  SCV x4  
  171  25:28  Refinery  
  171  25:33  Refinery  
  171  26:05  Siege Tank x4  
  171  26:06  Siege Tank  
  171  26:08  Hellion x3  
  192  26:29  Hellion  
  194  26:56  Thor  
  188  27:28  Viking x2  
  192  27:33  Orbital Command x2  
  192  27:54  Command Center  
Show
View Real Time Build Order
Export as new Build Order

MattBarry Zerg - Winner!

Build Orders: Hatch First 

Get SALT Encoding   

  12  0:00  Drone  
  13  0:12  Overlord  
  13  0:20  Drone  
  14  0:32  Drone x2  
  16  0:54  Hatchery  
  16  0:56  Drone  
  16  0:58  Drone  
  16  1:00  Drone  
  18  1:06  Extractor  
  17  1:16  Spawning Pool  
  16  1:19  Drone  
  17  1:27  Drone  
  18  1:38  Drone  
  19  2:03  Zergling x6  
  19  2:05  Queen  
  19  2:06  Queen  
  19  2:07  Drone  
  27  2:19  Overlord  
  27  2:22  Drone  
  28  2:41  Drone x4  
  32  2:49  Metabolic Boost  
  32  2:51  Drone x2  
  34  2:54  Queen  
  36  2:59  Overlord  
  36  3:17  Queen  
  36  3:18  Drone x3  
  41  3:26  Extractor  
  40  3:27  Evolution Chamber  
  40  3:29  Roach Warren  
  35  4:17  Zergling x6  
  35  4:18  Zergling x10  
  43  4:24  Zerg Melee Weapons Level 1  
  43  4:26  Hatchery  
  43  4:27  Lair  
  43  4:28  Evolution Chamber  
  41  4:36  Drone x3  
  41  4:37  Overlord  
  41  4:38  Overlord x2  
  44  4:40  Extractor  
  44  4:41  Extractor  
  42  4:59  Pneumatized Carapace  
  42  5:06  Drone x2  
  42  5:07  Drone x4  
  47  5:12  Zerg Ground Armor Level 1  
  48  5:17  Drone x5  
  48  5:18  Drone  
  52  5:33  Drone x2  
  52  5:34  Drone x3  
  56  5:53  Spore Crawler  
  52  6:47  Roach x4  
  52  6:48  Roach x4  
  52  6:51  Queen x2  
  52  6:53  Overlord x3  
  72  7:11  Queen  
  72  7:15  Hydralisk Den  
  73  7:19  Infestation Pit  
  73  7:20  Zerg Missile Weapons Level 1  
  73  7:22  Zerg Ground Armor Level 2  
  72  7:53  Hatchery  
  72  7:56  Overlord x2  
  71  8:01  Zergling x6  
  71  8:02  Zergling x8, Overlord x2  
  71  8:03  Hydralisk, Overlord  
  71  8:04  Hydralisk x3  
  86  8:07  Hatchery  
  81  8:45  Drone x6  
  81  8:46  Drone x7  
  94  9:28  Hydralisk  
  94  9:29  Hydralisk x6  
  94  9:30  Hydralisk x2  
  112  9:43  Hatchery  
  111  9:46  Muscular Augments  
  111  9:47  Zerg Missile Weapons Level 2  
  111  9:50  Overseer x2  
  111  9:54  Hive  
  111  10:01  Lurker Den  
  110  10:09  Drone  
  110  10:10  Nydus Network, Drone x3  
  110  10:32  Drone  
  110  10:33  Drone x12  
  123  10:44  Spore Crawler  
  123  10:45  Spore Crawler  
  123  10:49  Spore Crawler  
  120  10:53  Extractor  
  120  10:55  Extractor  
  118  10:58  Grooved Spines  
  118  11:02  Queen  
  120  11:04  Queen  
  120  11:10  Overlord x2  
  122  11:19  Seismic Spines  
  122  11:21  Hydralisk  
  122  11:22  Hydralisk  
  122  11:24  Hydralisk  
  128  11:29  Zergling x8  
  132  11:38  Queen  
  130  11:40  Queen  
  124  12:16  Adaptive Talons  
  124  12:17  Hydralisk x2  
  124  12:18  Hydralisk x9  
  124  12:19  Hydralisk x3  
  138  12:54  Hydralisk x2  
  138  12:55  Hydralisk x8  
  147  13:08  Overlord x5  
  147  13:09  Overlord  
  135  13:17  Zerg Missile Weapons Level 3  
  119  13:43  Nydus Canal  
  119  13:51  Hydralisk x7  
  119  13:52  Hydralisk x7  
  119  13:53  Hydralisk x5  
  115  14:37  Spire  
  114  14:52  Extractor  
  113  14:53  Extractor  
  113  14:54  Drone  
  113  14:55  Drone x6  
  113  14:57  Hydralisk x4  
  113  14:58  Hydralisk x6  
  139  15:00  Spore Crawler  
  139  15:01  Spore Crawler  
  139  15:02  Zergling x2  
  139  15:03  Zergling x46  
  139  15:05  Spore Crawler  
  160  15:07  Spore Crawler  
  157  15:44  Overlord x5  
  157  15:50  Corruptor  
  157  15:51  Corruptor x6  
  171  16:01  Spire  
  170  16:14  Lurker x2  
  172  16:19  Lurker  
  172  16:20  Lurker  
  158  16:48  Greater Spire  
  158  16:53  Lurker x4  
  123  18:12  Corruptor, Infestor  
  116  18:13  Corruptor x13  
  132  18:47  Zerg Flyer Armor Level 1  
  132  18:48  Zerg Flyer Weapons Level 1  
  122  18:51  Hatchery  
  117  19:03  Hydralisk  
  117  19:04  Hydralisk x14  
  117  19:09  Zergling x2  
  148  19:10  Zergling x48  
  148  19:11  Zergling x2  
  157  19:28  Corruptor  
  157  19:29  Corruptor x3  
  134  19:55  Hydralisk x7  
  134  19:56  Hydralisk  
  150  20:08  Corruptor x2  
  132  20:36  Zergling x26  
  132  20:37  Zergling x2  
  117  21:20  Hatchery  
  116  21:48  Zerg Ground Armor Level 3  
  116  21:51  Hydralisk  
  116  21:52  Hydralisk x13  
  142  21:54  Extractor  
  142  21:55  Overseer  
  142  21:59  Extractor  
  131  22:05  Hydralisk x2  
  131  22:06  Hydralisk x5  
  131  22:07  Hydralisk  
  131  22:43  Queen  
  127  22:48  Drone x2  
  127  22:49  Drone x6  
  127  22:50  Drone  
  136  22:54  Hydralisk x5  
  136  22:55  Hydralisk x3  
  132  23:58  Zergling x26  
  132  23:59  Swarm Host, Hydralisk  
  132  24:00  Hydralisk x6  
  117  25:20  Hatchery  
  116  25:35  Hatchery  
  112  25:54  Swarm Host  
  112  25:55  Hydralisk x4  
  112  25:56  Hydralisk x26  
  175  26:12  Overseer  
  175  26:22  Overseer  
  176  27:00  Overseer  
  176  27:04  Zergling x2  
  176  27:05  Hydralisk x2, Zergling x16  
  176  27:06  Hydralisk x3  
  195  27:40  Drone x3  
  195  27:41  Hydralisk  
Show
View Real Time Build Order
Export as new Build Order

mojaveghost Protoss 

Build Orders: Carriers 

Get SALT Encoding   

  12  0:01  Probe  
  13  0:13  Probe  
  14  0:25  Pylon, Probe  
  15  0:43  Probe (Chrono Boost)  
  15  0:45  Gateway  
  16  0:50  Assimilator  
  16  0:54  Probe (Chrono Boost)  
  17  0:59  Probe (Chrono Boost)  
  17  1:00  Assimilator  
  18  1:11  Probe (Chrono Boost)  
  18  1:15  Pylon  
  19  1:21  Probe (Chrono Boost)  
  19  1:24  Pylon  
  20  1:32  Assimilator  
  20  1:41  Cybernetics Core  
  20  1:53  Probe  
  21  2:05  Probe (Chrono Boost)  
  22  2:16  Probe (Chrono Boost)  
  22  2:19  Adept  
  22  2:21  Probe (Chrono Boost)  
  24  2:23  Robotics Facility  
  25  2:31  Robotics Facility  
  25  2:32  Probe  
  26  2:40  Pylon  
  26  2:48  Probe  
  27  3:20  Nexus  
  27  3:22  Immortal (Chrono Boost)  
  31  3:29  Warp Gate  
  31  3:52  Immortal  
  35  4:05  Warp Prism  
  37  4:13  Probe, Robotics Bay  
  38  4:25  Probe  
  38  4:28  Forge  
  38  4:31  Pylon  
  39  4:37  Pylon  
  39  4:53  Immortal  
  43  5:03  Photon Cannon  
  43  5:06  Stalker  
  45  5:10  Protoss Ground Weapons Level 1  
  45  5:29  Probe x2  
  47  5:41  Probe  
  48  5:43  Probe  
  49  5:50  Photon Cannon  
  49  5:53  Probe  
  49  5:55  Probe  
  51  6:05  Probe  
  51  6:07  Probe  
  53  6:17  Probe  
  53  6:18  Stargate x2  
  54  6:19  Probe  
  55  6:29  Probe  
  55  6:31  Assimilator, Probe  
  57  6:34  Gravitic Drive  
  57  6:36  Observer x2  
  57  6:37  Assimilator  
  59  6:41  Probe  
  56  6:57  Observer, Stargate  
  57  7:15  Probe x2  
  63  7:18  Void Ray  
  63  7:19  Nexus  
  63  7:22  Photon Cannon  
  63  7:25  Pylon  
  63  7:27  Probe  
  63  7:29  Photon Cannon  
  64  7:35  Pylon  
  64  7:39  Gravitic Boosters  
  64  7:40  Pylon  
  64  7:45  Pylon  
  64  7:48  Pylon  
  64  7:57  Void Ray  
  68  7:59  Probe (Chrono Boost)  
  68  8:03  Probe (Chrono Boost)  
  70  8:10  Probe (Chrono Boost)  
  76  8:13  Probe (Chrono Boost)  
  76  8:14  Probe (Chrono Boost)  
  76  8:18  Void Ray  
  77  8:23  Protoss Air Weapons Level 1, Probe  
  77  8:25  Probe  
  79  8:35  Cybernetics Core, Probe  
  80  9:03  Nexus  
  80  9:06  Assimilator, Probe x2  
  80  9:08  Void Ray  
  80  9:09  Nexus  
  86  9:11  Assimilator  
  86  9:12  Assimilator  
  86  9:17  Assimilator  
  86  9:18  Probe x2  
  86  9:19  Pylon  
  86  9:22  Pylon  
  88  9:30  Probe  
  89  9:42  Photon Cannon  
  89  9:44  Photon Cannon  
  89  9:46  Probe x2  
  89  9:48  Photon Cannon  
  89  9:51  Shield Battery  
  91  9:55  Cybernetics Core, Pylon  
  91  9:58  Probe x2  
  93  10:07  Fleet Beacon  
  87  10:23  Colossus x2  
  97  10:37  Probe x3  
  97  10:39  Photon Cannon  
  97  10:41  Photon Cannon  
  98  10:51  Probe (Chrono Boost)  
  98  10:53  Forge, Probe x3 (Chrono Boost)  
  102  11:03  Probe (Chrono Boost)  
  106  11:08  Probe x3 (Chrono Boost)  
  106  11:09  Probe (Chrono Boost)  
  107  11:15  Probe x3  
  107  11:17  Probe  
  107  11:18  Extended Thermal Lance (Chrono Boost)  
  115  11:22  Void Ray  
  115  11:27  Colossus  
  117  11:45  Flux Vanes  
  106  11:49  Carrier  
  118  11:59  Carrier  
  122  12:06  Void Ray  
  122  12:07  Probe  
  122  12:08  Probe  
  112  12:24  Colossus  
  118  12:33  Stargate  
  118  12:34  Probe  
  118  12:35  Stargate  
  122  12:46  Probe, Nexus  
  122  12:47  Colossus  
  122  12:49  Void Ray, Assimilator  
  129  12:53  Assimilator  
  129  12:56  Pylon  
  132  12:59  Pylon  
  132  13:02  Pylon  
  132  13:03  Void Ray  
  132  13:05  Twilight Council  
  131  13:13  Void Ray  
  130  13:21  Protoss Ground Armor Level 1  
  125  13:37  Carrier  
  116  14:39  Pylon  
  116  14:42  Pylon  
  128  14:54  Void Ray  
  128  14:55  Probe x3  
  128  14:58  Void Ray x2  
  131  15:02  Photon Cannon  
  131  15:07  Probe x3  
  134  15:15  Protoss Ground Weapons Level 2  
  134  15:19  Probe  
  135  15:21  Carrier  
  135  15:22  Protoss Shields Level 1  
  140  15:30  Carrier  
  140  15:32  Probe x3  
  149  15:37  Assimilator  
  149  15:50  Pylon  
  149  15:59  Protoss Air Weapons Level 2 (Chrono Boost)  
  149  16:09  Protoss Air Armor Level 1 (Chrono Boost)  
  149  16:12  Tempest  
  149  16:17  Photon Cannon  
  154  16:22  Photon Cannon  
  154  16:31  Probe x2 (Chrono Boost)  
  157  16:35  Probe (Chrono Boost)  
  157  16:41  Disruptor  
  157  16:42  Probe x2 (Chrono Boost)  
  157  16:45  Probe (Chrono Boost)  
  157  16:46  Probe (Chrono Boost)  
  164  17:00  Pylon  
  164  17:01  Charge  
  164  17:04  Zealot  
  166  17:15  Forge  
  166  17:17  Pylon  
  166  17:19  Pylon  
  159  17:55  Carrier x3  
  136  18:09  Carrier  
  136  18:21  Nexus  
  136  18:25  Pylon  
  136  18:29  Unknown  
  136  18:40  Observer x2  
  138  18:57  Photon Cannon  
  138  19:03  Photon Cannon  
  138  19:06  Photon Cannon  
  138  19:10  Assimilator  
  138  19:16  Assimilator  
  126  19:31  Void Ray x3  
  138  19:41  Tempest  
  143  19:48  Colossus  
  149  20:14  Void Ray  
  153  20:15  Protoss Ground Weapons Level 3  
  153  20:16  Protoss Ground Armor Level 2  
  135  20:31  Colossus  
  103  21:02  Nexus  
  103  21:09  Colossus  
  77  22:05  Assimilator  
  76  22:22  Void Ray x2  
  92  22:23  Void Ray x2  
  92  22:37  Warp Prism  
  94  22:52  Photon Cannon  
  94  23:08  Nexus  
  94  23:16  Colossus  
  94  23:17  Colossus  
  108  23:47  Void Ray x2  
  108  23:48  Void Ray  
  97  24:10  Observer  
  95  24:21  Colossus  
  101  24:31  Colossus  
  111  25:32  Void Ray x2  
  97  26:18  Nexus  
  105  26:49  Void Ray x2  
  101  27:01  Void Ray  
  87  27:40  Assimilator  
  87  27:43  Pylon  
Show
View Real Time Build Order
Export as new Build Order

JACK Terran 

Build Orders:  

Get SALT Encoding   

  12  0:01  SCV  
  13  0:13  SCV  
  14  0:17  Supply Depot  
  14  0:25  SCV  
  15  0:39  Barracks  
  15  0:40  SCV  
  16  0:46  Refinery  
  16  0:53  Refinery  
  16  0:54  SCV  
  17  1:06  SCV  
  18  1:11  Supply Depot  
  19  1:18  SCV  
  19  1:28  Marine  
  19  1:30  SCV  
  21  1:41  Factory  
  21  1:43  SCV  
  22  1:47  Marine  
  23  2:00  Orbital Command  
  23  2:05  Barracks Tech Lab  
  23  2:29  Factory Tech Lab  
  23  2:37  Engineering Bay  
  23  2:39  SCV  
  23  2:40  Barracks Tech Lab  
  24  2:45  Siege Tank  
  24  2:51  SCV  
  28  3:03  SCV  
  29  3:06  Marine  
  29  3:11  Combat Shield  
  30  3:13  Command Center  
  30  3:15  Mag-Field Accelerator  
  30  3:24  Missile Turret, SCV  
  31  3:29  Hi-Sec Auto Tracking  
  31  3:43  Marine, Cyclone  
  31  3:46  Missile Turret  
  35  3:55  SCV  
  36  4:05  Marine  
  36  4:09  Refinery  
  37  4:24  Siege Tank  
  37  4:25  Refinery  
  37  4:28  Supply Depot  
  40  4:33  SCV  
  41  4:40  Armory  
  41  4:45  SCV  
  42  4:49  Planetary Fortress  
  40  4:57  SCV  
  41  5:09  Marine, SCV  
  43  5:17  Barracks  
  43  5:21  SCV  
  43  5:26  SCV  
  43  5:27  Marine  
  46  5:33  Terran Vehicle Weapons Level 1  
  46  5:34  SCV  
  47  5:37  Stimpack  
  47  5:45  Marine  
  47  5:46  SCV  
  47  5:47  Missile Turret  
  47  5:49  SCV  
  50  5:58  SCV  
  50  6:01  SCV  
  50  6:03  Drilling Claws, Marine  
  53  6:06  Siege Tank  
  53  6:09  Barracks Reactor  
  53  6:10  SCV  
  57  6:13  Starport  
  57  6:15  SCV  
  58  6:21  Marine  
  59  6:29  Neosteel Armor  
  59  6:34  SCV x2  
  59  6:38  Marine  
  62  6:44  Widow Mine  
  62  6:46  SCV  
  65  6:49  Supply Depot  
  65  6:56  Marine  
  66  7:06  Widow Mine  
  68  7:11  SCV x2  
  68  7:13  Supply Depot  
  70  7:17  Marine  
  70  7:18  Marine x2  
  70  7:21  Starport Tech Lab  
  73  7:23  SCV x2  
  73  7:25  Armory  
  73  7:28  Concussive Shells, Terran Vehicle And Ship Armor Level 1  
  75  7:31  Smart Servos  
  75  7:35  Marine, SCV x2  
  75  7:36  Supply Depot, Marine x2  
  80  7:53  Marine  
  80  7:54  Marine x2  
  83  7:58  Supply Depot  
  76  8:07  SCV x2  
  76  8:11  Marine x3  
  81  8:19  SCV x2  
  83  8:20  Barracks  
  83  8:29  Marine  
  83  8:31  SCV x2  
  85  8:39  Medivac  
  85  8:41  Marine x2  
  89  8:47  Marine  
  90  8:49  Infernal Pre-Igniter  
  90  8:56  Armory  
  90  8:57  Terran Infantry Weapons Level 1  
  90  8:58  Marine  
  90  8:59  Marine  
  90  9:01  Thor  
  90  9:02  Ghost Academy  
  98  9:05  Marine  
  98  9:09  Medivac  
  101  9:16  Command Center  
  101  9:20  Barracks Tech Lab  
  101  9:23  Marine  
  102  9:47  Engineering Bay  
  102  9:48  Command Center  
  102  9:50  Supply Depot  
  102  10:11  Ghost  
  102  10:12  Marine x2, Siege Tank  
  109  10:21  Supply Depot  
  109  10:29  Ghost  
  111  10:44  Siege Tank  
  114  10:59  Terran Vehicle Weapons Level 2, Terran Vehicle And Ship Armor Level 2  
  114  11:00  Terran Ship Weapons Level 1  
  114  11:02  Personal Cloaking  
  114  11:08  Supply Depot  
  114  11:10  Supply Depot  
  114  11:11  Terran Infantry Weapons Level 2  
  114  11:12  Terran Infantry Armor Level 1  
  114  11:16  Siege Tank  
  114  11:17  Supply Depot, Marine  
  118  11:34  Ghost  
  105  11:40  Supply Depot  
  95  11:48  Marine, Siege Tank  
  95  11:49  Marine x2  
  101  12:03  Marine  
  101  12:06  Marine x2  
  101  12:07  Marine  
  105  12:21  Marine  
  94  12:24  Marine x3  
  94  12:28  Nuke  
  76  12:38  Marine  
  76  12:42  Marine x3  
  76  12:43  Siege Tank  
  77  12:53  Barracks  
  77  12:56  Marine  
  70  12:59  Marine  
  70  13:00  Marine x2  
  66  13:14  Marine  
  66  13:15  Siege Tank  
  66  13:17  Marine  
  66  13:18  Marine x2  
  72  13:27  Command Center  
  72  13:32  Marine  
  73  13:35  Marine x2  
  73  13:36  Marine  
  76  13:44  Viking  
  76  13:47  Siege Tank  
  81  13:50  Marine  
  81  13:53  Marine x2  
  81  13:54  Marine  
  85  14:08  Marine  
  86  14:11  Marine x3  
  89  14:19  Siege Tank  
  87  14:25  Marine  
  87  14:28  Marine  
  87  14:29  Marine x2  
  88  14:39  SCV  
  88  14:40  SCV  
  88  14:42  Orbital Command  
  88  14:43  Marine  
  91  14:51  Siege Tank  
  94  15:03  Medivac  
  96  15:13  Planetary Fortress  
  96  15:14  Refinery x2  
  96  15:17  Command Center  
  96  15:33  Medivac  
  94  15:58  Missile Turret  
  94  16:00  Missile Turret  
  94  16:01  Missile Turret  
  94  16:12  Marine  
  94  16:13  Marine x3  
  98  16:20  Missile Turret  
  98  16:23  Terran Vehicle Weapons Level 3  
  98  16:30  Marine, Ghost  
  98  16:31  Marine x2  
  103  16:41  Viking  
  105  16:48  Marine x2, Ghost  
  105  16:49  Terran Infantry Weapons Level 3  
  109  16:59  Ghost  
  111  17:06  Marine x2  
  113  17:11  Viking  
  115  17:17  Ghost  
  117  17:25  Command Center  
  117  17:27  Ghost  
  119  17:41  Viking  
  121  17:45  Ghost  
  122  17:56  Ghost  
  113  18:09  Marine x2  
  113  18:11  Viking  
  117  18:14  Marine  
  118  18:25  Marine  
  118  18:26  Marine  
  114  18:27  Marine  
  114  18:32  Marine  
  116  18:43  Marine  
  116  18:44  Marine  
  116  18:45  Marine  
  119  18:50  Marine  
  120  19:00  Marine  
  120  19:02  Marine  
  122  19:03  Marine  
  122  19:07  Marine  
  124  19:18  Marine  
  124  19:20  Marine x2  
  127  19:25  Marine  
  127  19:34  Refinery  
  127  19:36  Marine  
  127  19:38  Marine x2  
  126  19:43  Marine  
  123  19:54  Marine  
  123  19:55  Marine  
  123  19:56  Marine  
  126  20:01  Marine  
  126  20:02  Thor  
  133  20:13  Marine  
  133  20:14  Marine  
  135  20:19  Marine  
  137  20:26  Marine  
  137  20:31  Marine  
  137  20:32  Marine  
  136  20:37  Marine, Command Center  
  136  20:38  Refinery  
  136  20:40  Refinery  
  108  20:44  Marine  
  108  20:45  Thor  
  108  20:49  Marine x2  
  93  20:54  Marine  
  95  20:58  Terran Infantry Armor Level 2  
  95  21:00  Terran Vehicle And Ship Armor Level 3, Terran Ship Weapons Level 2  
  95  21:02  Marine, Nuke  
  96  21:07  Marine x2  
  97  21:12  Marine  
  98  21:19  Marine  
  98  21:25  Marine x2  
  100  21:28  Thor  
  100  21:30  Marine  
  108  21:37  Marine  
  91  21:42  Marine  
  91  21:43  Marine  
  90  21:48  Marine  
  87  21:55  Marine  
  85  22:05  Planetary Fortress  
  85  22:08  Planetary Fortress  
  82  22:11  Thor  
  88  22:18  Refinery x2  
  88  22:31  Marine x3  
  88  22:32  Marine  
  92  22:47  Command Center  
  92  22:49  Marine x4  
  96  22:54  Thor, Refinery  
  96  22:55  Command Center  
  96  22:57  Refinery  
  82  23:07  Marine x4  
  83  23:24  Marine  
  83  23:25  Marine x2, Ghost  
  86  23:36  Thor  
  92  23:42  Marine, Ghost  
  92  23:43  Marine  
  92  23:44  Missile Turret  
  96  23:51  Medivac  
  96  23:53  Marine  
  98  24:00  Marine x2  
  78  24:11  Marine x2  
  65  24:18  Marine x2  
  65  24:19  Thor  
  65  24:21  Medivac  
  74  24:29  Marine x2  
  73  24:36  Marine x2  
  75  24:47  Marine x2  
  77  24:53  Marine  
  77  24:54  Marine  
  77  24:59  Nuke  
  79  25:02  Thor, Terran Infantry Armor Level 3  
  79  25:05  Marine x2  
  87  25:11  Marine  
  87  25:12  Marine  
  89  25:22  Marine  
  89  25:23  Marine  
  91  25:29  Marine  
  91  25:30  Marine  
  93  25:40  Marine x2  
  95  25:47  Marine x2  
  96  25:58  Marine x2  
  98  26:05  Marine x2  
  100  26:16  Marine x2  
  92  26:34  Marine  
Tags
 
Add a new tag
Caveats
  • Supply blocks, unpowered buildings, or Contaminate may cause inaccurate times.
  • Supply counts are checked every 10 seconds.